 Dungeon Crawl Stone Soup version 0.28-a0-233-gb8ca4b6547 (webtiles) character file.

Game seed: 18342037710403167556

4 frimble the Bolt Thrower (level 1, -3/17 HPs)
             Began as a Gnoll Wanderer on Aug 23, 2021.
             Slain by a quokka (4 damage)
             ... on level 1 of the Dungeon.
             The game lasted 00:00:45 (685 turns).

frimble the Bolt Thrower (Gnoll Wanderer)            Turns: 685, Time: 00:00:46

Health: -3/17      AC:  2    Str: 10    XL:     1   Next: 70%
Magic:  2/4        EV: 11    Int: 10    God:
Gold:   42         SH:  4    Dex: 13    Spells: 4/5 levels left

rFire   . . .      SeeInvis .   a - +0 dagger
rCold   . . .      Faith    .   c - +0 buckler
rNeg    . . .      Spirit   .   b - +0 robe
rPois   .          Reflect  .   (no helmet)
rElec   .          Harm     .   (no cloak)
rCorr   .          Rampage  .   (no gloves)
Will    .....                   (no boots)
Stlth   +.........              (no amulet)
HPRegen 0.05/turn               (no ring)
MPRegen 0.09/turn               (no ring)

@: very slightly contaminated
A: fangs 1, strong nose, distributed training
a: no special abilities


You were on level 1 of the Dungeon.
You visited 1 branch of the dungeon, and saw 1 of its levels.

You collected 42 gold pieces.

Inventory:

Hand Weapons
 a - a +0 dagger (weapon)
Armour
 b - a +0 robe (worn)
 c - a +0 buckler (worn)


   Skills:
 + Level 2.4 Fighting
 + Level 0.1 Short Blades
 + Level 0.1 Long Blades
 + Level 0.1 Axes
 + Level 0.1 Maces & Flails
 + Level 0.1 Polearms
 + Level 0.1 Staves
 + Level 0.1 Slings
 + Level 0.1 Bows
 + Level 6.4 Crossbows
 + Level 2.4 Throwing
 + Level 2.4 Armour
 + Level 0.1 Dodging
 + Level 0.1 Stealth
 + Level 2.4 Shields
 + Level 0.1 Unarmed Combat
 + Level 2.6 Spellcasting
 + Level 0.1 Conjurations
 + Level 2.0 Hexes
 + Level 0.1 Summonings
 + Level 0.1 Necromancy
 + Level 0.1 Translocations
 + Level 0.1 Transmutations
 + Level 0.1 Fire Magic
 + Level 0.1 Ice Magic
 + Level 0.1 Air Magic
 + Level 0.1 Earth Magic
 + Level 2.0 Poison Magic
 + Level 0.2 Invocations
 + Level 0.1 Evocations


You had 4 spell levels left.
You knew the following spells:

 Your Spells              Type           Power      Damage    Failure   Level
a - Sting                 Tmut/Pois      12%        1d3       24%         1

Your spell library contained the following spells:

 Spells                   Type           Power      Damage    Failure   Level
 Shock                    Conj/Air       4%         1d3       34%         1
 Poisonous Vapours        Pois/Air       6%         N/A       34%         2
 Mephitic Cloud           Conj/Pois/Air  2%         N/A       63%         3
 Swiftness                Air            1%         N/A       71%         3
 Olgreb's Toxic Radiance  Pois           5%         N/A       85%         4


Dungeon Overview and Level Annotations

Branches:
Dungeon (1/15)

Altars:


Innate Abilities, Weirdness & Mutations

You have very sharp teeth.
Your uncanny sense of smell can sniff out nearby items.
Your experience applies equally to all skills.


Message History

Confirm with . or Enter, or press ? or * to list all spells.
Aiming: Sting (safe; 24% risk of failure)
Press: ? - help, Shift-Dir - straight line, f/p - endoplasm
Aim: an endoplasm (heavily wounded, 97% to hit)
The sting hits the endoplasm.
The endoplasm is poisoned.
The endoplasm is severely wounded.
You kill the endoplasm!
Your Hexes skill increases to level 2!
Your Poison Magic skill increases to level 2!
You miss the quokka. The quokka barely misses you.
The quokka completely misses you.
The quokka twitches its whiskers.
The quokka bites you.
* * * LOW HITPOINT WARNING * * *
Casting: Sting (safe; 24% risk of failure)
Confirm with . or Enter, or press ? or * to list all spells.
Aiming: Sting (safe; 24% risk of failure)
Press: ? - help, Shift-Dir - straight line, f - quokka
Aim: a quokka (51% to hit)
You miscast Sting.
You are very lightly contaminated with residual magic.
Nothing appears to happen.
The quokka bites you.
* * * LOW HITPOINT WARNING * * *
The quokka misses you. The quokka bites you.
* * * LOW HITPOINT WARNING * * *
You aren't carrying any potions.
Unknown command.
You aren't carrying any scrolls.
Unknown command.
You aren't carrying any items that you can evoke.
You aren't carrying any potions.
Unknown command.
Casting: Sting (safe; 24% risk of failure)
Confirm with . or Enter, or press ? or * to list all spells.
Aiming: Sting (safe; 24% risk of failure)
Press: ? - help, Shift-Dir - straight line, f/p - quokka
Aim: a quokka (51% to hit)
The sting misses the quokka.
The quokka bites you.
You die...

###+#..............
####.#.###.#..##..#.
#...................
####.#.######.......
####.#.# #........
#.##.#.# #.....#...
######.##.#.####..#...#..
#..................#..#..
#......r@...........#..#.
######.##.#......#...#.#.
#.##.#.##....##..#.#
#.##.#.##).....##.#.
#.##.#...........#..
#.##.#.##..######...
#.##.............#..
#.##.#.##......##.#.
#.##.#.#.....##..#.#


You could see a quokka.

Vanquished Creatures
  2 endoplasms (D:1)
  A quokka (D:1)
  A kobold (D:1)
4 creatures vanquished.

Notes
Turn   | Place    | Note
-------+----------+-------------------------------------------
     0 | D:1      | frimble the Gnoll Wanderer began the quest for the Orb.
     0 | D:1      | frimble set off with the following items: a +0 dagger, a +0
                  | robe, a +0 buckler; and the following spells available to
                  | memorise: Sting, Shock, Poisonous Vapours, Mephitic Cloud,
                  | Swiftness, Olgreb's Toxic Radiance
     0 | D:1      | Reached XP level 1. HP: 17/17 MP: 4/4
   382 | D:1      | Learned a level 1 spell: Sting
   685 | D:1      | Slain by a quokka

Illustrated notes

Levels and vault maps discovered:
D:1:      minmay_arrival_radiant_lines, layout_basic, serial_shops,
          nicolae_square_shop

Skill      XL: |  1 |
---------------+----+-----
Hexes          | 2 |  2.0
Poison Magic   | 2 |  2.0
Fighting       | |  2.4
Short Blades   | |  0.1
Long Blades    | |  0.1
Axes           | |  0.1
Maces & Flails | |  0.1
Polearms       | |  0.1
Staves         | |  0.1
Slings         | |  0.1
Bows           | |  0.1
Crossbows      | |  6.4
Throwing       | |  2.4
Armour         | |  2.4
Dodging        | |  0.1
Stealth        | |  0.1
Shields        | |  2.4
Unarmed Combat | |  0.1
Spellcasting   | |  2.6
Conjurations   | |  0.1
Summonings     | |  0.1
Necromancy     | |  0.1
Translocations | |  0.1
Transmutations | |  0.1
Fire Magic     | |  0.1
Ice Magic      | |  0.1
Air Magic      | |  0.1
Earth Magic    | |  0.1
Invocations    | |  0.2
Evocations     | |  0.1

Action                   || total
-------------------------++-------
Melee: Dagger            ||    28
       Bite              ||     3
 Cast: Sting             ||     3
  Use: Scroll            ||     1
Armor: Robe              ||     2
Dodge: Dodged            ||    15
Block: Buckler           ||     5

Table legend: (Time is in decaauts)
 A = Elapsed time spent in this place.
 B = Non-inter-level travel time spent in this place.
 C = Inter-level travel time spent in this place.
 D = Time resting spent in this place.
 E = Time spent auto-exploring this place.
 F = Levels seen in this place.
 G = Mean time per level.
                   A        B        C        D        E       F      G
               +--------+--------+--------+--------+--------+-----+--------+
         Total |    686 |    686 |      0 |      0 |    585 |   1 |  686.0 |
       Dungeon |    686 |    686 |      0 |      0 |    585 |   1 |  686.0 |
               +--------+--------+--------+--------+--------+-----+--------+

Top non-repeatable levels by time:
     D:1: 686 daAuts
